 Dungeon Crawl Stone Soup version 0.29-a0-334-gb41bcbb86e (webtiles) character file.

Game seed: 10739190180123957125

35 Morbidden the Skirmisher (level 3, 27/29 HPs)
             Began as a Demonspawn Fighter on Apr 14, 2022.
             Quit the game on level 2 of the Dungeon.
             The game lasted 00:00:49 (1506 turns).

Morbidden the Skirmisher (Demonspawn Fighter)       Turns: 1506, Time: 00:00:49

Health: 27/29      AC:  9    Str: 16    XL:     3   Next: 16%
Magic:  3/3        EV:  6    Int: 11    God:
Gold:   32         SH:  4    Dex: 12    Spells: 2/2 levels left

rFire   . . .      SeeInvis .   a - +0 war axe
rCold   . . .      Faith    .   c - +0 buckler
rNeg    . . .      Spirit   .   j - +0 chain mail
rPois   .          Reflect  .   (no helmet)
rElec   .          Harm     .   (no cloak)
rCorr   .          Rampage  .   (no gloves)
Will    .....                   (no boots)
Stlth   ..........              (no amulet)
HPRegen 0.09/turn               (no ring)
MPRegen 0.08/turn               (no ring)

@: no status effects
A: hooves 1, demonic touch 1
a: no special abilities


You were on level 2 of the Dungeon.
You visited 1 branch of the dungeon, and saw 2 of its levels.

You collected 32 gold pieces.

Inventory:

Hand Weapons
 a - a +0 war axe (weapon)
Armour
 c - a +0 buckler (worn)
 j - a +0 chain mail (worn)
Scrolls
 b - a scroll of fear {unknown}
 e - 2 scrolls of vulnerability {unknown}
 f - a scroll of magic mapping {unknown}
 h - a scroll of identify {unknown}
 i - a scroll of fog {unknown}
Potions
 d - a potion of might
 g - 2 potions of curing {unknown}


   Skills:
 * Level 3.2 Fighting
 * Level 2.3 Axes
 + Level 3.0 Armour
 * Level 0.9 Dodging
 + Level 2.8 Shields


You had 2 spell levels left.
You didn't know any spells.
Your spell library contained the following spells:

 Spells                   Type           Power      Damage    Failure   Level
 Conjure Flame            Conj/Fire      0%         6-21      100%        3
 Ignite Poison            Fire/Tmut/Pois 0%         N/A       100%        3
 Iskenderun's Battlesphe  Conj           0%         2d6       100%        5
 Fire Storm               Conj/Fire      0%         5d1       100%        9


Dungeon Overview and Level Annotations

Branches:
Dungeon (2/15)

Altars:


Innate Abilities, Weirdness & Mutations

You have large cloven feet.
Your touch may inflict minor irresistible damage on your foes.


Message History

No target in view!
You see here a +0 ring mail.
You now have 32 gold pieces (gained 9).
You see here a +0 ring mail.
Found 13 stones.
No target in view!
You see here 13 stones.
b - a scroll labelled FOULAA DIUVUA You see here 13 stones.
Found a stone staircase leading down.
Found a robe.
There is a stone staircase leading down here.
A bat and an adder come into view.
The adder hisses angrily.
The bat barely misses you.
There are monsters nearby!
You hit the bat.
You kill the bat!
You miss the adder. You block the adder's attack.
You closely miss the adder. You block the adder's attack.
The adder completely misses you.
You miss the adder. Your kick misses the adder.
The adder completely misses you. The adder bites you.
You barely miss the adder. You kick the adder.
The adder is moderately wounded.
You block the adder's attack. The adder barely misses you.
You hit the adder. You kick the adder.
The adder is severely wounded.
The adder bites you but does no damage. x2
You closely miss the adder.
The adder is heavily wounded.
The adder barely misses you. The adder bites you but does no damage.
You slash the adder!
You kill the adder!
You have reached level 3!
Your experience leads to an increase in your attributes!
Increase (S)trength, (I)ntelligence, or (D)exterity?
You feel clever. x2; Your demonic ancestry asserts itself...
Your hands begin to faintly glow with unholy energy.
Are you sure you want to abandon this character and quit the game? (Confirm with "yes".)

. .. ... ....
###########.....
#...............
#.......@# .. #........+
##..##........##...
+###...##..............
.....#.##.....####......#
.....#.##.....# #......#
.......##.....# #......#
.###### #[..##.....#
#......# .....^.
#..........# #......#
#######


There were no monsters in sight!

Vanquished Creatures
  An adder (D:2)
  4 endoplasms (D:1)
  4 goblins (D:1)
  2 hobgoblins (D:1)
  2 quokkas
  2 ball pythons (D:1)
  2 bats
  2 frilled lizards
  2 kobolds (D:1)
  3 rats
24 creatures vanquished.

Notes
Turn   | Place    | Note
-------+----------+-------------------------------------------
     0 | D:1      | Morbidden the Demonspawn Fighter began the quest for the
                  | Orb.
     0 | D:1      | Reached XP level 1. HP: 18/18 MP: 1/1
   365 | D:1      | Got the Collected Works on the Excruciating Blaze
   571 | D:1      | Discovered your monstrous ancestry.
   571 | D:1      | Gained mutation: You have large cloven feet. [demonic
                  | ancestry]
   571 | D:1      | Reached XP level 2. HP: 24/24 MP: 2/2
   675 | D:1      | Found a faded altar of an unknown god.
  1506 | D:2      | Gained mutation: Your touch may inflict minor irresistible
                  | damage on your foes. [demonic ancestry]
  1506 | D:2      | Reached XP level 3. HP: 27/29 MP: 3/3
  1506 | D:2      | Quit the game

Illustrated notes

Levels and vault maps discovered:
D:1:      dpeg_arrival_radiant, layout_basic, hellmonk_ecumenical_altar_blasted
D:2:      kennysheep_six_static_rooms, layout_basic, minmay_pentomino_p2,
          uniq_jessica, uniq_crazy_yiuf_cottage

Skill      XL: |  1  2 |
---------------+-------+-----
Axes           | 2 |  2.3
Armour         | 3 |  3.0
Fighting       | |  3.2
Dodging        | |  0.9
Shields        | |  2.8

Action                   || total
-------------------------++-------
Melee: War axe           ||    57
       Kick              ||     5
Armor: Scale mail        ||    16
       Chain mail        ||     4
Dodge: Dodged            ||    24
Block: Buckler           ||    16

Table legend: (Time is in decaauts)
 A = Elapsed time spent in this place.
 B = Non-inter-level travel time spent in this place.
 C = Inter-level travel time spent in this place.
 D = Time resting spent in this place.
 E = Time spent auto-exploring this place.
 F = Levels seen in this place.
 G = Mean time per level.
                   A        B        C        D        E       F      G
               +--------+--------+--------+--------+--------+-----+--------+
         Total |   1531 |   1420 |    111 |      0 |   1251 |   2 |  765.5 |
       Dungeon |   1531 |   1420 |    111 |      0 |   1251 |   2 |  765.5 |
               +--------+--------+--------+--------+--------+-----+--------+

Top non-repeatable levels by time:
     D:1: 1313 daAuts
     D:2: 218 daAuts
